 Dungeon Crawl Stone Soup version 0.30-a0-374-g95c0257040 (webtiles) character file.

Game seed: 17795883866519886367

1467 Maratek the Grappler (level 8, -4/106 (117) HPs)
             Began as a Troll Berserker on Nov 25, 2022.
             Was a Believer of Trog.
             Slain by a wight
             ... wielding a +0 spear
              (8 damage)
             ... on level 6 of the Dungeon.
             The game lasted 00:13:44 (3627 turns).

Maratek the Grappler (Troll Berserker)              Turns: 3627, Time: 00:13:45

HP:   -4/106 (117)  AC:  4    Str: 25 (28) XL:     8   Next: 48%
MP:   7/7           EV:  7    Int:  0 (3)  God:    Trog [**....]
Gold: 163           SH:  0    Dex:  7 (9)  Spells: 7/7 levels left

rFire   . . .      SeeInvis .      - Unarmed
rCold   . . .      Faith    .    (no shield)
rNeg    . . .      Spirit   .    a - +0 animal skin
rPois   .          Reflect  .    (helmet restricted)
rElec   .          Harm     .    (no cloak)
rCorr   .          Rampage  .    (gloves unavailable)
Will    ++...                    (boots unavailable)
Stlth   ..........               (no amulet)
HPRegen 2.17/turn                c - ring of flight
MPRegen 0.10/turn                (no ring)

@: berserking, lethally poisoned (-4 -> -11), grasped by roots, strong-willed,
flying, regenerating, slowed, lost intelligence, constricted, drained, unable to
read
A: large, unfitting armour, claws 3, regeneration 1, shaggy fur 1, tough skin 1
a: Renounce Religion, Berserk, Trog's Hand


You were on level 6 of the Dungeon.
You worshipped Trog.
Trog was pleased with you.
You visited 1 branch of the dungeon, and saw 6 of its levels.

You collected 187 gold pieces.
You spent 24 gold pieces at shops.

Inventory:

Missiles
 t - a throwing net (quivered)
Armour
 a - a +0 animal skin (worn)
Jewellery
 c - a ring of flight (left claw)
Wands
 g - a wand of acid (10)
Scrolls
 d - 2 scrolls of torment
 e - a scroll of silence
 f - 3 scrolls of immolation
 h - 6 scrolls of teleportation
 i - 3 scrolls of butterflies
 p - 3 scrolls of noise
 q - 4 scrolls of magic mapping
 s - 2 scrolls of identify
Potions
 b - 3 potions of attraction
 j - a potion of berserk rage {unknown}
 k - 2 potions of lignification {unknown}
 l - a potion of mutation {unknown}
 m - 3 potions of degeneration
 n - 3 potions of curing {unknown}
 o - a potion of invisibility {unknown}
 r - a potion of heal wounds {unknown}
 u - a potion of haste {unknown}
 v - 2 potions of brilliance {unknown}


   Skills:
 + Level 4.3 Fighting
 + Level 5.0 Dodging
 + Level 1.0 Stealth
 + Level 8.4 Unarmed Combat


You had 7 spell levels left.
You didn't know any spells.
Your spell library was empty.

Dungeon Overview and Level Annotations

Branches:
Dungeon (6/15)
 Temple: D:4-7

Altars:
Dithmenos
Fedhas
Gozag
Hepliaklqana
Kikubaaqudgha
Vehumet
Wu Jian
Xom
Zin

Shops:
D:2 *:*(   D:4 =


Innate Abilities, Weirdness & Mutations

You are too large for most types of armour.
You have claws for hands.
Your natural rate of healing is unusually fast.
You are covered in fur. (AC +1)
You have tough skin. (AC +1)


Message History

The wight hits you with a +1 spear of venom.
You are more poisoned.
The grasping roots constrict you.
The grasping roots release their grip on you.
Unknown command.
You closely miss the wight.
The wight is almost destroyed.
You feel very sick.
The wight hits you from afar with a +0 spear.
You feel drained.
The wight zaps a wand.
The roots erupt in riotous growth!
The grasping roots grab you!
The wight is unaffected.
The grasping roots constrict you.
The wight hits you from afar with a +0 spear.
You feel drained. The wight completely misses you.
The grasping roots constrict you.
* * * LOW HITPOINT WARNING * * *
Your skin crawls.
You feel strong-willed.
You feel very sick. The wight completely misses you.
The wight hits you but does no damage.
You are more poisoned.
The grasping roots constrict you.
* * * LOW HITPOINT WARNING * * *
A red film seems to cover your vision as you go berserk!
You feel yourself moving faster!
You feel mighty!
You feel very sick.
The wight hits you from afar with a +0 spear.
* * * LOW HITPOINT WARNING * * *
You feel drained.
* * * LOW HITPOINT WARNING * * *
The wight hits you but does no damage.
You are more poisoned.
The grasping roots constrict you.
* * * LOW HITPOINT WARNING * * *
The wight hits you with a +0 hand axe.
* * * LOW HITPOINT WARNING * * *
You feel drained.
* * * LOW HITPOINT WARNING * * *
The wight hits you from afar with a +0 spear!
You die...

*,,,,,,,,,* *,,,...z,,* *****
*,,,.....,* **,,,** *,,.......*
**,,,,,** *,,,......* *,,....,*
*,,,......* *,,....,*
*,,,......#* *,.....,* **
***##.###.z#####.....## *, ##
##.......z@.........# *, .#
#...####.z###.......##****, .#
####....................,,,,,,
.###....#.######..##.....#####**,
.......##.# ##.##.........# *,
...######.#######.##.........##*,
#####..........##.......<......,,
#####..........####>..........#**
..............(# ##..........#


You could see 3 wights.

Vanquished Creatures
  Grinder (D:6)
  A steam dragon (D:5)
  The ghost of Voxish the Sneak, an amateur OpHW (D:4)
  A black bear (D:5)
  2 centaurs
  A wyvern skeleton (D:4)
  3 hounds
  A bullfrog skeleton (D:4)
  2 jellies
  2 orc priests
  2 centaur skeletons (D:4)
  4 orc wizards
  11 gnolls
  12 adders
  A worm (D:2)
  2 dart slugs
  18 orcs
  8 ball pythons
  6 endoplasms
  5 giant cockroaches
  7 goblins
  4 hobgoblins
  8 kobolds
  7 quokkas
  4 bats (D:3)
  2 frilled lizards (D:3)
  2 rats
118 creatures vanquished.

Vanquished Creatures (others)
  An iguana (D:5)
1 creature vanquished.

Grand Total: 119 creatures vanquished

Notes
Turn   | Place    | Note
-------+----------+-------------------------------------------
     0 | D:1      | Maratek the Troll Berserker began the quest for the Orb.
     0 | D:1      | Reached XP level 1. HP: 22/22 MP: 0/0
   146 | D:1      | Reached XP level 2. HP: 23/29 MP: 1/1
   209 | D:1      | Found a faded altar of an unknown god.
   573 | D:2      | Found Celligeh's Book Shoppe.
   586 | D:2      | Reached XP level 3. HP: 33/36 MP: 2/2
   679 | D:2      | Found Bankiarch's General Store.
   768 | D:2      | Found Mystog's General Store.
   776 | D:2      | Reached XP level 4. HP: 44/44 MP: 3/3
   784 | D:2      | Bought a scroll of identify for 24 gold pieces
   828 | D:2      | Reached skill level 4 in Unarmed Combat
   860 | D:2      | Reached ** piety under Trog
  1000 | D:2      | Found Fiph's Antique Weapon Boutique.
  1002 | D:2      | Identified the +8 trident of the Harvest {spect, rF+ rC+}
  1134 | D:3      | Found an ancient bone altar of Kikubaaqudgha.
  1137 | D:3      | Found an ornate altar of the Wu Jian Council.
  1138 | D:3      | Found a hazy altar of Hepliaklqana.
  1147 | D:3      | Found a shimmering altar of Xom.
  1150 | D:3      | Found a radiant altar of Vehumet.
  1220 | D:3      | Reached XP level 5. HP: 53/53 MP: 4/4
  1449 | D:3      | Reached skill level 5 in Unarmed Combat
  1931 | D:4      | Found a glowing silver altar of Zin.
  2100 | D:4      | Identified the +3 pair of boots of Nemelex Xobeh {SInv}
  2146 | D:4      | Reached XP level 6. HP: 61/61 MP: 5/5
  2278 | D:4      | Found a runed translucent gate.
  2278 | D:4      | Found a runed translucent gate.
  2278 | D:4      | Found a runed translucent gate.
  2281 | D:4      | Noticed Voxish's ghost (amateur OpHW)
  2509 | D:4      | Found Gyvvuxoil's Jewellery Emporium.
  2764 | D:4      | Killed Voxish's ghost
  2767 | D:4      | Reached skill level 6 in Unarmed Combat
  2778 | D:4      | Reached XP level 7. HP: 23/67 MP: 6/6
  2859 | D:5      | Entered Level 5 of the Dungeon
  2975 | D:5      | Reached *** piety under Trog
  3097 | D:5      | Noticed a steam dragon
  3102 | D:5      | Reached skill level 7 in Unarmed Combat
  3111 | D:5      | Killed a steam dragon
  3112 | D:5      | Reached XP level 8. HP: 49/78 MP: 7/7
  3226 | D:6      | Noticed Grinder
  3237 | D:6      | Paralysed by Grinder for 5 turns
  3246 | D:6      | Killed Grinder
  3247 | D:6      | Reached skill level 1 in Stealth
  3247 | D:6      | Reached skill level 8 in Unarmed Combat
  3338 | D:6      | Reached skill level 5 in Dodging
  3346 | D:6      | Lost intelligence.
  3373 | D:6      | Found an opulent altar of Gozag.
  3546 | D:6      | Found a blossoming altar of Fedhas.
  3547 | D:6      | Found a shadowy altar of Dithmenos.
  3627 | D:6      | HP: 5/108 [wight/+0 hand axe (4)]
  3627 | D:6      | Slain by a wight

Illustrated notes

Levels and vault maps discovered:
D:1:      ebering_hopf_link, layout_basic, shapermc_ecumenical_altar_mp_vishouse
D:2:      kennysheep_six_static_rooms, layout_basic, serial_shops, shop_scrolls,
          shop, nicolae_shop_crystal, shop_fountains, shop
D:3:      minmay_chambers_of_twos, layout_loops_cross,
          minmay_overflow_temple_star_hex, eino_tiny_chamber, nrook_mini_vaults,
          amcnicky_mini_corridor_feature
D:4:      layout_loops_corners, mainiacjoe_overflow_alcove_4,
          gammafunk_ghost_necromancy, kennysheep_windowed_goal
D:5:      layout_cave_pools
D:6:      layout_rooms, nicolae_gozag_cash_rules_everything_around_me,
          nicolae_overflow_two_pavilions, grunt_decor_fettered,
          minmay_misc_feat_roman, uniq_grinder

Skill      XL: |  1  2  3  4  5  6  7  8 |
---------------+-------------------------+-----
Dodging        | 3 4 5 |  5.0
Unarmed Combat | 4 5 6 7 8 |  8.4
Fighting       | 3 4 |  4.3
Stealth        | 1 |  1.0

Action                   |  1- 3 |  4- 6 |  7- 9 || total
-------------------------+-------+-------+-------++-------
Melee: Unarmed           |    60 |   146 |    85 ||   291
       Punch             |       |     3 |     3 ||     6
Invok: Trog's Hand       |       |     3 |     5 ||     8
       Berserk           |       |     3 |     4 ||     7
  Use: Scroll            |       |     4 |     5 ||     9
       Potion            |       |       |     2 ||     2
Armor: Animal skin       |    16 |    45 |    26 ||    87
Dodge: Dodged            |    31 |   105 |    51 ||   187

Table legend: (Time is in decaauts)
 A = Elapsed time spent in this place.
 B = Non-inter-level travel time spent in this place.
 C = Inter-level travel time spent in this place.
 D = Time resting spent in this place.
 E = Time spent auto-exploring this place.
 F = Levels seen in this place.
 G = Mean time per level.
                   A        B        C        D        E       F      G
               +--------+--------+--------+--------+--------+-----+--------+
         Total |   3790 |   3790 |      0 |      0 |   2771 |   6 |  631.7 |
       Dungeon |   3790 |   3790 |      0 |      0 |   2771 |   6 |  631.7 |
               +--------+--------+--------+--------+--------+-----+--------+

Top non-repeatable levels by time:
     D:4: 1010 daAuts
     D:3: 850 daAuts
     D:1: 557 daAuts
     D:6: 548 daAuts
     D:2: 448 daAuts
     D:5: 375 daAuts
